 Dungeon Crawl Stone Soup version 0.28.0-43-g3370ac3207 (webtiles) character file.

Game seed: 10986138041663358576

5735 Peloso the Carver (level 10, -1/88 HPs)
             Began as a Minotaur Fighter on Mar 23, 2022.
             Was a Priest of Okawaru.
             Slain by Harold
             ... wielding a +1 trident of venom
              (12 damage)
             ... on level 10 of the Dungeon.
             The game lasted 00:16:51 (9420 turns).

Peloso the Carver (Minotaur Fighter)                Turns: 9420, Time: 00:16:51

Health: -1/88      AC: 16    Str: 23    XL:     10   Next: 48%
Magic:  9/9        EV: 10    Int:  5    God:    Okawaru [***...]
Gold:   790        SH:  6    Dex: 18    Spells: 9/9 levels left

rFire   . . .      SeeInvis .   a - +3 long sword
rCold   + . .      Faith    .   c - +0 buckler
rNeg    . . .      Spirit   .   s - +0 chain mail
rPois   .          Reflect  .   (helmet restricted)
rElec   .          Harm     .   n - +0 cloak
rCorr   .          Rampage  .   (no gloves)
Will    .....                   J - +2 pair of boots
Stlth   ..........              h - amulet of regeneration
HPRegen 1.04/turn               B - +6 ring of dexterity
MPRegen 0.11/turn               L - ring of protection from cold

@: marked
A: horns 2, retaliatory headbutt
a: Renounce Religion, Heroism


You were on level 10 of the Dungeon.
You worshipped Okawaru.
Okawaru was most pleased with you.
You visited 2 branches of the dungeon, and saw 11 of its levels.
You also visited: Ossuary.

You collected 802 gold pieces.
You spent 12 gold pieces at shops.

Inventory:

Hand Weapons
 a - a +3 long sword (weapon)
Missiles
 M - a throwing net (quivered)
Armour
 b - a +0 scale mail
 c - a +0 buckler (worn)
 n - a +0 cloak (worn)
 s - a +0 chain mail (worn)
 J - a +2 pair of boots (worn)
Jewellery
 h - an amulet of regeneration (around neck)
 B - a +6 ring of dexterity (left hand)
 L - a ring of protection from cold (right hand)
Wands
 o - a wand of flame (59)
 p - a wand of mindburst (5)
 q - a wand of charming (14)
 I - a wand of polymorph (5)
Scrolls
 e - 2 scrolls of identify
 g - a scroll of acquirement {unknown}
 j - 6 scrolls of teleportation
 l - a scroll of brand weapon {unknown}
 u - a scroll of immolation {unknown}
 v - a scroll of summoning {unknown}
 x - 3 scrolls of magic mapping {unknown}
 y - 2 scrolls of enchant weapon {unknown}
 C - a scroll of enchant armour {unknown}
 D - a scroll of holy word {unknown}
 F - 2 scrolls of fear {unknown}
 G - a scroll of silence {unknown}
 H - a scroll of fog {unknown}
Potions
 d - 8 potions of might
 f - 3 potions of heal wounds
 i - 3 potions of brilliance
 k - 2 potions of curing
 m - 4 potions of haste
 r - 5 potions of flight
 t - 2 potions of berserk rage
 w - 2 potions of invisibility
 z - 5 potions of mutation
 A - 2 potions of lignification {unknown}
 E - a potion of resistance {unknown}
 K - 2 potions of cancellation {unknown}


   Skills:
 + Level 8.2 Fighting
 + Level 11.8 Long Blades
 + Level 10.1 Armour
 + Level 4.1 Dodging
 + Level 1.4 Stealth
 + Level 7.6 Shields
 + Level 0.6 Invocations
 + Level 1.5 Evocations


You had 9 spell levels left.
You didn't know any spells.
Your spell library contained the following spells:

 Spells                   Type           Power      Damage    Failure   Level
 Slow                     Hex            0%         N/A       98%         1
 Corpse Rot               Necr/Air       0%         N/A       99%         2
 Poisonous Vapours        Pois/Air       0%         N/A       99%         2
 Confusing Touch          Hex            0%         N/A       100%        3
 Vampiric Draining        Necr           0%         2d6       100%        3
 Freezing Cloud           Conj/Ice/Air   0%         6-21      100%        5
 Yara's Violent Unravell  Hex/Tmut       0%         3d3       100%        5
 Enfeeble                 Hex            0%         N/A       100%        7
 Polar Vortex             Ice            0%         N/A       100%        9
 Simulacrum               Ice/Necr       Unusable   N/A       N/A         6

Dungeon Overview and Level Annotations

Branches:
Dungeon (10/15)            Temple (1/1) D:6            Lair (0/6) D:10
    Orc (0/2) D:10        Ossuary (visited)

Altars:
Ashenzari
Cheibriados
Dithmenos
Elyvilon
Gozag
Hepliaklqana
Kikubaaqudgha
Makhleb
Nemelex Xobeh
Okawaru
Qazlal
Ru
Sif Muna
Trog
Uskayaw
Vehumet
Wu Jian
Xom
Yredelemnul
Zin
The Shining One

Shops:
D:8 *   D:9 (

Annotations:
D:10 Harold


Innate Abilities, Weirdness & Mutations

You have a pair of horns on your head.
You reflexively headbutt those who attack you in melee.


Message History

Harold is moderately wounded.
You feel sick.
Harold hits you with a +1 trident of venom.
You slash Harold!
Harold is heavily wounded.
You feel sick.
Harold hits you with a +1 trident of venom!
You closely miss Harold.
Harold is heavily wounded.
You feel sick. Harold casts a spell at you. A sentinel's mark forms upon you.
You hit Harold.
Harold is heavily wounded.
You feel sick.
You hit Harold.
Harold is severely wounded.
You feel sick.
You are no longer poisoned.
You block Harold's attack.
You hit Harold.
Harold is severely wounded.
Harold hits you with a +1 trident of venom!
You are poisoned.
You completely miss Harold.
Harold is severely wounded.
You feel very sick.
Harold hits you with a +1 trident of venom!
* * * LOW HITPOINT WARNING * * *
You are more poisoned.
You barely miss Harold.
Harold is severely wounded.
* * * LOW HITPOINT WARNING * * *
You feel very sick.
Harold hits you with a +1 trident of venom!
* * * LOW HITPOINT WARNING * * *
You are more poisoned.
You feel better.
Harold hits you with a +1 trident of venom!
You die...

#..# #..# #..# #..# #. #..#
#..# #.. #..# #..#
###..#######..#######..###
...........................
...........(...............
.............####..########
..........@).# #..#
..........@..# #..#
...............# #..#
...............# #..#
...............# #..#
...............# #..#
...............# #..#
...............####..########
.............)......>........


You could see Harold.

Vanquished Creatures
  A cyclops (D:8)
  An ugly thing (D:10)
  Maurice (D:9)
  Psyche (D:8)
  A hornet (D:7)
  2 shadows (D:10)
  A wyvern (D:9)
  2 steam dragons (D:9)
  2 water moccasins
  2 ice beasts (D:6)
  2 sky beasts
  3 ogres
  5 centaurs
  A phantom (D:4)
  3 kobold brigands
  A scorpion (D:5)
  A wyvern skeleton (D:6)
  5 killer bees
  8 wights
  2 centaur zombies
  4 jellies
  5 hounds
  Crazy Yiuf (D:2)
  4 orc priests
  A centaur skeleton (D:7)
  A bullfrog skeleton (D:5)
  A gnoll shaman (D:10)
  4 iguanas
  Ijyb (D:4)
  5 orc wizards
  2 killer bee zombies
  8 mummies (Ossuary)
  A howler monkey zombie (D:9)
  5 adders
  7 gnolls
  A shadow imp (D:6)
  2 white imps
  An ufetubus (D:6)
  A worm (D:2)
  4 dart slugs
  23 orcs
  6 ball pythons
  7 bats
  10 endoplasms
  6 giant cockroaches
  2 gnoll zombies (Ossuary)
  7 goblins
  11 hobgoblins
  6 jackals
  17 kobolds
  4 quokkas
  4 frilled lizards
  A hobgoblin zombie (Ossuary)
  5 orc zombies (Ossuary)
  3 rats (D:1)
216 creatures vanquished.

Vanquished Creatures (others)
  A centaur (D:9)
  2 plants (D:2)
3 creatures vanquished.

Grand Total: 219 creatures vanquished

Notes
Turn   | Place    | Note
-------+----------+-------------------------------------------
     0 | D:1      | Peloso the Minotaur Fighter began the quest for the Orb.
     0 | D:1      | Reached XP level 1. HP: 19/19 MP: 0/0
   171 | D:1      | Reached XP level 2. HP: 26/27 MP: 1/1
   368 | D:1      | Found a faded altar of an unknown god.
   513 | D:1      | Reached XP level 3. HP: 33/33 MP: 2/2
   737 | D:2      | Reached skill level 3 in Long Blades
  1065 | D:2      | Reached XP level 4. HP: 40/40 MP: 3/3
  1379 | D:2      | Found a runed translucent door.
  1380 | D:2      | Noticed Crazy Yiuf
  1536 | D:2      | Killed Crazy Yiuf
  1775 | D:3      | Reached skill level 4 in Long Blades
  2053 | D:3      | Reached XP level 5. HP: 46/47 MP: 4/4
  2688 | D:4      | Noticed an ogre
  2694 | D:4      | Killed an ogre
  2695 | D:4      | Reached skill level 5 in Armour
  2695 | D:4      | Reached skill level 1 in Dodging
  3035 | D:4      | Noticed Ijyb
  3071 | D:4      | Killed Ijyb
  3072 | D:4      | Reached skill level 5 in Long Blades
  3072 | D:4      | Reached XP level 6. HP: 43/53 MP: 5/5
  3412 | D:4      | Found a snail-covered altar of Cheibriados.
  3856 | D:5      | Entered Level 5 of the Dungeon
  3927 | D:5      | Found a sand-covered staircase.
  3940 | Ossuary  | Entered an ossuary
  4058 | Ossuary  | Reached skill level 6 in Long Blades
  4182 | Ossuary  | Reached skill level 5 in Fighting
  4428 | D:5      | Noticed a sky beast
  4434 | D:5      | Reached XP level 7. HP: 16/61 MP: 6/6
  4453 | D:5      | HP: 3/61 [sky beast (6)]
  4455 | D:5      | Reached skill level 7 in Long Blades
  5033 | D:5      | Reached XP level 8. HP: 49/70 MP: 7/7
  5078 | D:5      | Reached skill level 1 in Stealth
  5360 | D:5      | Reached skill level 8 in Long Blades
  5515 | D:6      | Reached skill level 5 in Shields
  5679 | D:6      | Identified the +2 leather armour of the Lute {Will+}
  5722 | D:6      | Found a staircase to the Ecumenical Temple.
  5731 | D:6      | Reached skill level 9 in Long Blades
  5740 | Temple   | Entered the Ecumenical Temple
  5754 | Temple   | Became a worshipper of Warmaster Okawaru
  6126 | D:6      | Reached XP level 9. HP: 78/78 MP: 8/8
  6469 | D:7      | Found a glowing silver altar of Zin.
  6642 | D:7      | Found a radiant altar of Vehumet.
  6800 | D:7      | Reached skill level 10 in Long Blades
  6851 | D:7      | Reached * piety under Okawaru
  6917 | D:7      | Paralysed by a hornet for 1 turns
  6922 | D:7      | Paralysed by a hornet for 3 turns
  7314 | D:8      | Noticed a cyclops
  7330 | D:8      | Killed a cyclops
  7374 | D:8      | Found Wemud's General Store.
  7374 | D:8      | Noticed Psyche
  7380 | D:8      | Killed Psyche
  7380 | D:8      | Reached ** piety under Okawaru
  7497 | D:8      | Bought a scroll of noise for 12 gold pieces
  8169 | D:9      | Found Gymecol's Antique Weapon Shop.
  8201 | D:9      | Found an ancient bone altar of Kikubaaqudgha.
  8245 | D:9      | Found an opulent altar of Gozag.
  8305 | D:9      | Reached skill level 11 in Long Blades
  8313 | D:9      | Reached XP level 10. HP: 59/88 MP: 9/9
  8321 | D:9      | Reached skill level 1 in Evocations
  8345 | D:9      | Noticed Maurice
  8358 | D:9      | Killed Maurice
  8596 | D:9      | Found a sacrificial altar of Ru.
  8652 | D:10     | Entered Level 10 of the Dungeon
  8718 | D:10     | Found a staircase to the Orcish Mines.
  8773 | D:10     | Noticed a green ugly thing
  8787 | D:10     | Killed a green ugly thing
  8787 | D:10     | Reached *** piety under Okawaru
  8846 | D:10     | Found a staircase to the Lair.
  8973 | D:10     | Noticed Harold
  9299 | D:10     | Reached skill level 10 in Armour
  9420 | D:10     | Slain by Harold

Illustrated notes

Levels and vault maps discovered:
D:1:      dpeg_arrival_rhombi, layout_basic, ebering_ecumenical_altar_abandoned,
          chequers_garden
D:2:      layout_basic, serial_bayou, serial_bayou_lake_a, serial_bayou_pond_d,
          serial_bayou_pond_d, serial_bayou_shore_a, uniq_crazy_yiuf_cottage
D:3:      layout_basic, serial_aquarium, aquarium_bridge_square
          [aquarium_subvault_wall, aquarium_subvault_bridge,
          aquarium_subvault_bridge, aquarium_subvault_balcony],
          aquarium_window_fake, aquarium_window_2, aquarium_window_1,
          aquarium_window_1, aquarium_view_2e, aquarium_pool_2
D:4:      layout_loops_ring, lemuel_crystal_altar, uniq_ijyb
D:5:      layout_rooms, nicolae_ossuary_entry_plus, minmay_misc_feat_doors
D:6:      layout_basic, minmay_temple_entry_drinking_statues
D:7:      layout_gridville, mainiacjoe_overflow_catch_the_wave
D:8:      layout_basic, serial_shops, nicolae_shop_waterfront, uniq_psyche
D:9:      layout_basic, lemuel_crystal_altar, mainiacjoe_overflow_alcove_4,
          nicolae_kikubaaqudgha_miasma_corner, serial_shops, shop, uniq_maurice
D:10:     minmay_skewed_foursquare, layout_small_grid, lair_entry_dummy,
          orc_0_dummy, uniq_harold
Temple:   lightli_temple_of_artemis

Skill      XL: |  1  2  3  4  5  6  7  8  9 10 |
---------------+-------------------------------+-----
Armour         | 4 5 6 7 9 10 | 10.1
Shields        | 4 5 7 |  7.6
Fighting       | 4 5 6 7 8 |  8.2
Long Blades    | 3 4 5 6 7 9 11 | 11.8
Dodging        | 1 2 3 4 |  4.1
Stealth        | 1 |  1.4
Evocations     | 1 |  1.5
Invocations    | |  0.6

Action                   |  1- 3 |  4- 6 |  7- 9 | 10-12 || total
-------------------------+-------+-------+-------+-------++-------
Melee: Long sword        |    97 |   180 |   291 |   103 ||   671
       Headbutt          |    12 |    35 |    62 |    23 ||   132
Invok: Heroism           |       |       |     2 |     1 ||     3
Evoke: Wand              |       |       |     6 |     7 ||    13
  Use: Scroll            |       |       |     5 |     4 ||     9
       Potion            |       |       |     3 |     1 ||     4
Armor: Scale mail        |    59 |    40 |       |       ||    99
       Chain mail        |       |     7 |   186 |    45 ||   238
Dodge: Dodged            |    49 |    66 |   134 |    56 ||   305
Block: Buckler           |    21 |    31 |    96 |    30 ||   178
